 Dungeon Crawl Stone Soup version 0.30-a0-1160-g6e42c06551 (webtiles) character file.

Game seed: 4549390506153616147

1572 cheesebisquit the Cleaver (level 8, -5/56 (64) HPs)
             Began as a Hill Orc Fighter on Apr 26, 2023.
             Slain by a wight
             ... wielding a +3 dagger of freezing
              (9 damage)
             ... on level 6 of the Dungeon on Apr 27, 2023.
             The game lasted 00:12:26 (4566 turns).

cheesebisquit the Cleaver (Hill Orc Fighter)        Turns: 4566, Time: 00:12:27

HP:   -5/56 (64)    AC: 10    Str: 21      XL:     8   Next: 90%
MP:   8/8           EV:  9    Int:  8      God:
Gold: 334           SH:  4    Dex:  9 (10) Spells: 7/7 levels left

rFire   . . .        a - +0 war axe
rCold   . . .        c - +0 buckler
rNeg    . . .        b - +0 scale mail
rPois   .            t - +2 helmet
rElec   .            (no cloak)
rCorr   .            (no gloves)
SInv    .            (no boots)
Will    .....        (no amulet) Stlth
                     (no ring)
HPRegen 0.29/turn    (no ring)
MPRegen 0.11/turn

%: no passive effects
@: heavily drained, invisible
A: no striking features
a: no special abilities


You were on level 6 of the Dungeon.
You visited 1 branch of the dungeon, and saw 6 of its levels.

You collected 334 gold pieces.

Inventory:

Hand Weapons
 a - a +0 war axe (weapon)
 w - a +4 battleaxe
Missiles
 h - 2 boomerangs (quivered)
Armour
 b - a +0 scale mail (worn)
 c - a +0 buckler (worn)
 t - a +2 helmet (worn)
 z - a +0 robe
Jewellery
 p - a ring of poison resistance
 u - a ring of wizardry
Wands
 j - a wand of roots (2)
 y - a wand of flame (21)
Scrolls
 e - 8 scrolls of identify {unknown}
 f - 2 scrolls of fog {unknown}
 g - 4 scrolls of teleportation {unknown}
 m - a scroll of blinking {unknown}
 n - a scroll of magic mapping {unknown}
 q - a scroll of enchant weapon {unknown}
 r - a scroll of poison {unknown}
 s - a scroll of enchant armour {unknown}
 v - a scroll of immolation {unknown}
Potions
 d - 2 potions of magic {unknown}
 i - 2 potions of curing
 l - a potion of degeneration
 o - a potion of lignification
 x - a potion of flight {unknown}


   Skills:
 - Level 3.6 Fighting
 + Level 14.1 Axes
 - Level 3.2 Armour
 - Level 3.2 Shields


You had 7 spell levels left.
You didn't know any spells.
Your spell library contained the following spells:

 Spells                   Type           Power      Damage    Failure   Level
 Freeze                   Ice            0%         1d3       82%         1
 Cigotuvi's Dreadful Rot  Necr/Pois/Air  0%         N/A       91%         2
 Frozen Ramparts          Ice            0%         1d1       99%         3
 Hailstorm                Conj/Ice       0%         3d3       99%         3
 Ignite Poison            Fire/Tmut/Pois 0%         N/A       99%         3
 Ice Form                 Ice/Tmut       0%         N/A       100%        4
 Summon Ice Beast         Ice/Summ       0%         N/A       100%        4
 Freezing Cloud           Conj/Ice/Air   0%         6-21      100%        5


Dungeon Overview and Level Annotations

Branches:
Dungeon (6/15)
 Temple: D:4-7

Altars:
Cheibriados
Gozag
Yredelemnul
The Shining One
Beogh

Annotations:
D:3 4 runed translucent doors, superbruh's ghost, amateur GrMo


Message History

You hit the wight.
The wight is heavily damaged.
You hit the wight. The wight barely misses you.
The wight hits you with a +0 dire flail.
You feel drained.
You closely miss the wight.
The wight is heavily damaged.
You hit the wight.
The wight hits you with a +3 dagger of freezing!
The wight freezes you.
The wight hits you with a +0 dire flail.
You feel drained.
You barely miss the wight.
The wight is heavily damaged.
You closely miss the wight. You hit the wight but do no damage.
The wight is heavily damaged.
You hit the wight.
The wight hits you with a +3 dagger of freezing.
You feel drained. The wight freezes you. The wight barely misses you.
You barely miss the wight.
The wight is heavily damaged.
You barely miss the wight.
The wight hits you with a +3 dagger of freezing.
You feel drained. The wight freezes you.
The wight hits you with a +0 dire flail!
* * * LOW HITPOINT WARNING * * *
You feel drained.
* * * LOW HITPOINT WARNING * * *
You fade into invisibility!
The wight closely misses you.
The wight hits you with a +3 dagger of freezing.
* * * LOW HITPOINT WARNING * * *
The wight freezes you.
* * * LOW HITPOINT WARNING * * *
Okay, then.
The wight hits you with a +0 dire flail.
* * * LOW HITPOINT WARNING * * *
The wight hits you with a +3 dagger of freezing!
You die...

..$......
........
#......#
#...<..#
#......# #
#......# ...
#....z.#.....
#....@.......
#...z........
#..........#.
#..........#
#..........#
#..........#
#..........#
.......[...#


You could see 2 wights.

Vanquished Creatures
  Pikel (D:5)
  Menkaure (D:5)
  A black bear (D:5)
  A centaur (D:5)
  A lemure (D:5)
  A bullfrog (D:4)
  2 scorpions
  3 wights (D:5)
  A quasit (D:5)
  An orc priest (D:4)
  A jelly (D:4)
  4 iguanas (D:5)
  A sleepcap (D:5)
  Jessica (D:3)
  An orc wizard (D:4)
  13 adders
  A gnoll (D:4)
  An ufetubus (D:5)
  A worm (D:3)
  3 dart slugs
  15 orcs
  7 ball pythons
  8 endoplasms
  3 giant cockroaches
  9 goblins
  7 hobgoblins
  4 jackals (D:1)
  6 quokkas
  7 bats
  3 frilled lizards (D:1)
  3 goblin skeletons
  A goblin zombie (D:5)
  2 hobgoblin zombies (D:5)
  4 kobolds
  A kobold zombie (D:5)
  An orc skeleton (D:5)
  2 orc zombies (D:5)
  7 rats
130 creatures vanquished.

Notes
Turn   | Place    | Note
-------+----------+-------------------------------------------
     0 | D:1      | cheesebisquit the Hill Orc Fighter began the quest for the
                  | Orb.
     0 | D:1      | Reached XP level 1. HP: 19/19 MP: 1/1
    25 | D:1      | Reached skill level 3 in Axes
    81 | D:1      | Reached XP level 2. HP: 26/26 MP: 2/2
   128 | D:1      | Reached skill level 4 in Axes
   305 | D:1      | Reached XP level 3. HP: 31/31 MP: 3/3
   831 | D:2      | Found an opulent altar of Gozag.
   900 | D:2      | Reached skill level 5 in Axes
  1208 | D:2      | Reached XP level 4. HP: 39/39 MP: 4/4
  1633 | D:3      | Noticed Jessica
  1681 | D:3      | Reached skill level 6 in Axes
  1742 | D:3      | Found a snail-covered altar of Cheibriados.
  1920 | D:3      | Killed Jessica
  1921 | D:3      | Reached XP level 5. HP: 40/45 MP: 5/5
  1938 | D:3      | Found a runed translucent gate.
  1938 | D:3      | Noticed superbruh's ghost (amateur GrMo)
  1939 | D:3      | Found a runed translucent gate.
  1939 | D:3      | Found a runed translucent gate.
  1939 | D:3      | Identified the +1 ring mail of Spring {rF- rCorr Str+3
                  | Stlth+}
  2133 | D:3      | Noticed a human
  2134 | D:3      | Found a runed translucent door.
  2137 | D:3      | Found a basalt altar of Yredelemnul.
  2257 | D:3      | Found a roughly hewn altar of Beogh.
  2348 | D:4      | Reached skill level 7 in Axes
  2402 | D:4      | Reached skill level 8 in Axes
  2540 | D:4      | Reached XP level 6. HP: 51/51 MP: 6/6
  2743 | D:4      | Reached skill level 9 in Axes
  3019 | D:4      | Reached XP level 7. HP: 57/57 MP: 7/7
  3226 | D:5      | Entered Level 5 of the Dungeon
  3318 | D:5      | Reached skill level 10 in Axes
  3377 | D:5      | Found a glowing golden altar of the Shining One.
  3443 | D:5      | Noticed Pikel
  3460 | D:5      | Killed Pikel
  3461 | D:5      | Reached skill level 12 in Axes
  3461 | D:5      | Reached XP level 8. HP: 52/64 MP: 8/8
  3664 | D:5      | Noticed Menkaure
  3670 | D:5      | Killed Menkaure
  3671 | D:5      | Reached skill level 13 in Axes
  4408 | D:5      | Reached skill level 14 in Axes
  4566 | D:6      | Slain by a wight

Illustrated notes

Levels and vault maps discovered:
D:1:      dpeg_arrival_tiny_g, layout_basic
D:2:      layout_basic, basic_altar, st_stairs_11,
          chequers_serial_rivers_room_b, minmay_misc_feat_square
D:3:      layout_basic, nicolae_overflow_crystal_walls, dk_yredelemnul_ordeal,
          biasface_ghost_orc_armoury, uniq_jessica
D:4:      minmay_chambers_of_twos, layout_basic
D:5:      layout_cave_pods, nicolae_tso_besieged_by_evil, uniq_pikel,
          uniq_menkaure
D:6:      layout_cave_pods, nicolae_vehumet_radiance,
          chequers_serial_rivers_micro_b, hangedman_abyss_or_decor_passed,
          lightli_church_of_beogh

Skill      XL: |  1  2  3  4  5  6  7  8 |
---------------+-------------------------+-----
Axes           | 3 4 5 6 8 9 12 14 | 14.1
Fighting       | |  3.6
Armour         | |  3.2
Shields        | |  3.2

Action                     |  1- 3 |  4- 6 |  7- 9 || total
---------------------------+-------+-------+-------++-------
  Melee: War axe           |    84 |   156 |   119 ||   359
         Unarmed           |       |     7 |       ||     7
  Throw: Boomerang         |       |     2 |       ||     2
    Use: Potion            |       |     8 |     4 ||    12
 Armour: Scale mail        |    35 |    63 |    48 ||   146
         Skin              |       |     7 |       ||     7
  Dodge: Dodged            |    43 |    61 |    62 ||   166
  Block: Buckler           |    18 |    54 |    23 ||    95

Table legend: (Time is in decaauts)
 A = Elapsed time spent in this place.
 B = Non-inter-level travel time spent in this place.
 C = Inter-level travel time spent in this place.
 D = Time resting spent in this place.
 E = Time spent auto-exploring this place.
 F = Levels seen in this place.
 G = Mean time per level.
                   A        B        C        D        E       F      G
               +--------+--------+--------+--------+--------+-----+--------+
         Total |   4610 |   4440 |    170 |      5 |   3614 |   6 |  768.3 |
       Dungeon |   4610 |   4440 |    170 |      5 |   3614 |   6 |  768.3 |
               +--------+--------+--------+--------+--------+-----+--------+

Top non-repeatable levels by time:
     D:5: 1323 daAuts
     D:4: 944 daAuts
     D:2: 845 daAuts
     D:1: 769 daAuts
     D:3: 716 daAuts
     D:6: 11 daAuts
